 Dungeon Crawl Stone Soup version 0.24.0-37-gcf1ca852f1 (webtiles) character file.

Game seed: 2249704421086671015, levelgen mode: deterministic

341 Goblin1989 the Sneak (level 6, -3/63 HPs)
             Began as a Vampire Assassin on Dec 2, 2019.
             Was a Follower of Wu Jian.
             Slain by an orc priest
             ... wielding a +0 hand axe
              (5 damage)
             ... on level 3 of the Dungeon.
             The game lasted 00:06:56 (3022 turns).

Goblin1989 the Sneak (Vampire Assassin)             Turns: 3022, Time: 00:06:57

Health: -3/63      AC:  5    Str: 15    XL:     6   Next: 30%
Magic:  6/6        EV: 14    Int: 13    God:    Wu Jian [*.....]
Gold:   199        SH:  0    Dex: 18    Spells: 5/5 levels left

rFire    . . .     SeeInvis +   a - +2 dagger
rCold    . . .     Gourm    .   (no shield)
rNeg     . . .     Faith    .   b - +0 robe
rPois    .         Spirit   .   Q - +0 helmet
rElec    .         Reflect  .   c - +0 cloak
rCorr    .         Harm     .   (no gloves)
MR       .....                  T - +0 pair of boots
Stlth    ..........             (no amulet)
HPRegen  0.40/turn              (no ring)
MPRegen  0.10/turn              (no ring)

@: berserking, regenerating quickly, very quick
A: no food, fangs 3, see invisible, [frail 1], unbreathing
a: Exsanguinate, Renounce Religion


You were on level 3 of the Dungeon.
You worshipped Wu Jian.
Wu Jian was aware of your devotion.
You were alive.

You visited 1 branch of the dungeon, and saw 4 of its levels.

You collected 199 gold pieces.

Inventory:

Hand Weapons
 a - a +2 dagger (weapon)
Missiles
 d - 21 poisoned darts (quivered)
 e - a curare-tipped dart
 Z - a throwing net {!d , @Q1}
Armour
 b - a +0 robe (worn)
 c - a +0 cloak (worn)
 Q - a +0 helmet (worn)
 T - a +0 pair of boots (worn)
Jewellery
 V - a +2 ring of slaying {unknown}
Scrolls
 f - 2 scrolls of identify {unknown}
 L - a scroll of teleportation {unknown}
 N - a scroll of remove curse {unknown}
 P - a scroll of fear {unknown}
 X - 3 scrolls of immolation {unknown}
 Y - 2 scrolls of blinking {unknown}
Potions
 M - a potion of agility {unknown}
 O - a potion of degeneration {unknown}
 R - a potion of curing {unknown}
 S - a potion of magic {unknown}
 W - 3 potions of heal wounds {unknown}


   Skills:
 + Level 3.1 Fighting
 * Level 5.0 Short Blades
 - Level 1.5 Throwing
 + Level 3.2 Dodging
 + Level 7.2 Stealth


You had 5 spell levels left.
You didn't know any spells.
Your spell library was empty.

Dungeon Overview and Level Annotations

Branches:
Dungeon (4/15)
 Temple: D:4-7

Altars:
Makhleb
Qazlal
Ru
Wu Jian

Annotations:
D:3 exclusion: downstairs


Innate Abilities, Weirdness & Mutations

You do not eat.
Your natural rate of healing is unusually fast.
You have razor-sharp teeth.
You have supernaturally acute eyesight. (SInv)
You can survive without breathing.
[You are frail. (-10% HP)]


Message History

You take 4 damage, and have 30/42 hp.
You hit the orc priest but do no damage.
The gnoll misses you.
You hit the orc priest but do no damage.
The orc priest completely misses you.
The gnoll hits you from afar with a +0 spear!
You take 7 damage, and have 23/42 hp.
You are too injured to fight recklessly!
You are too injured to fight recklessly!
You are too injured to fight recklessly!
You are too injured to fight recklessly!
You are too injured to fight recklessly!
You are too injured to fight recklessly!
You are too injured to fight recklessly!
You are too injured to fight recklessly!
You are too injured to fight recklessly!
You are too injured to fight recklessly!
You are too injured to fight recklessly!
You are too injured to fight recklessly!
You are too injured to fight recklessly!
You are too injured to fight recklessly!
You are too injured to fight recklessly!
You are too injured to fight recklessly!
You are too injured to fight recklessly!
You are too injured to fight recklessly!
Unknown command.
There is a stone staircase leading up here.
The orc priest barely misses you.
You climb upwards.
Level annotation: exclusion: downstairs
There is a stone staircase leading down, spattered with blood here.
Unknown command.
You hit the orc priest but do no damage.
The orc priest barely misses you.
You hit the orc priest.
The orc priest is lightly wounded.
You hit the orc priest but do no damage.
The orc priest is lightly wounded.
The orc priest hits you with a +0 hand axe.
You take 1 damage, and have 24/42 hp.
You hit the orc priest but do no damage.
The orc priest is lightly wounded.
The orc priest hits you with a +0 hand axe.
You take 1 damage, and have 23/42 hp.
You hit the orc priest but do no damage.
The orc priest is lightly wounded.
You hit the orc priest.
The orc priest is lightly wounded.
The orc priest hits you with a +0 hand axe.
You take 4 damage, and have 19/42 hp.
You closely miss the orc priest.
The orc priest is lightly wounded.
The orc priest hits you with a +0 hand axe.
* * * LOW HITPOINT WARNING * * *
You take 4 damage, and have 15/42 hp.
You hit the orc priest but do no damage.
The orc priest is lightly wounded.
You hit the orc priest. You bite the orc priest.
The orc priest is moderately wounded.
The orc priest barely misses you.
You hit the orc priest but do no damage.
The orc priest is moderately wounded.
The orc priest barely misses you.
You hit the orc priest but do no damage.
The orc priest is moderately wounded.
You barely miss the orc priest.
The orc priest is moderately wounded.
The orc priest hits you with a +0 hand axe.
* * * LOW HITPOINT WARNING * * *
You take 5 damage, and have 11/42 hp.
You hit the orc priest but do no damage.
The orc priest is moderately wounded.
The orc priest closely misses you.
You hit the orc priest. Your bite misses the orc priest.
The orc priest is heavily wounded.
You hit the orc priest.
The orc priest is severely wounded.
The orc priest misses you.
You barely miss the orc priest.
The orc priest is severely wounded.
The orc priest completely misses you.
You hit the orc priest but do no damage.
The orc priest is severely wounded.
The orc priest hits you with a +0 hand axe.
* * * LOW HITPOINT WARNING * * *
You take 1 damage, and have 11/42 hp.
You hit the orc priest but do no damage.
The orc priest is severely wounded.
You hit the orc priest.
The orc priest is almost dead.
The orc priest mumbles some strange prayers to Beogh against you.
Beogh smites you!
* * * LOW HITPOINT WARNING * * *
You take 10 damage, and have 1/42 hp.
MASSIVE DAMAGE!!
Unknown command.
It was a potion of berserk rage.
A red film seems to cover your vision as you go berserk!
You feel yourself moving faster!
You feel mighty!
The orc priest hits you with a +0 hand axe.
You die...

██.█ █..█.███████████.███ █.██
██.█████..█.█.............█ █.█.
..........█.█.......████..████.█.
.....>......█................█)).
██████████..........████..██.██))
█.██.%███..████..██.██.)
█████████.█...█ █.....█..██.██..
█.............███..██.█>.(..██..
█.███████...█.)@o...............
█.█ ███.█.█)................ █.█
█.█.█.█████.█..██.██.. █)█
█.█.█.█████.█..██.██.. █.█
█████.█.█..........██.█†.. █.█
█....█.......█████.██.█... █.█
█.███.█.█.██.█ █.██)█...
█.█████.██..█.█.██.█ █.██.███.
█.......[.....█.██.█████.██.███.


You could see an orc priest.

Vanquished Creatures
  A hound (D:2)
  An orc priest (D:3)
  Jessica (D:2)
  Terence (D:2)
  A worker ant (D:4)
  An orc wizard (D:3)
  4 gnolls
  5 adders
  An ooze (D:1)
  An adder skeleton (D:3)
  A worm (D:4)
  2 dart slugs (D:1)
  2 leopard geckos
  4 orcs (D:3)
  2 giant cockroaches
  10 goblins
  11 hobgoblins
  8 jackals
  7 kobolds
  3 quokkas (D:2)
  4 bats
  5 frilled lizards (D:1)
  7 rats
83 creatures vanquished.

Notes
Turn   | Place    | Note
-------+----------+-------------------------------------------
     0 | D:1      | Goblin1989 the Vampire Assassin began the quest for the
                  | Orb.
     0 | D:1      | Reached XP level 1. HP: 16/16 MP: 1/1
    85 | D:1      | Reached skill level 6 in Stealth
    89 | D:1      | Reached XP level 2. HP: 13/22 MP: 2/2
   232 | D:1      | Reached XP level 3. HP: 23/27 MP: 3/3
   895 | D:2      | Noticed Jessica
   901 | D:2      | Killed Jessica
   901 | D:2      | Reached XP level 4. HP: 34/34 MP: 4/4
   902 | D:2      | Found an ornate altar of the Wu Jian Council.
   909 | D:2      | Became a worshipper of the Wu Jian Council
  1273 | D:2      | Found a burning altar of Makhleb.
  1276 | D:2      | Reached XP level 5. HP: 39/39 MP: 5/5
  1360 | D:2      | Noticed Terence
  1510 | D:2      | Killed Terence
  1634 | D:2      | Found a stormy altar of Qazlal.
  1815 | D:3      | Reached * piety under Wu Jian
  1955 | D:3      | Reached skill level 7 in Stealth
  2211 | D:3      | Found a sacrificial altar of Ru.
  2423 | D:4      | Noticed a phantom
  2468 | D:4      | Reached XP level 6. HP: 32/42 MP: 6/6
  2868 | D:4      | Reached skill level 5 in Short Blades
  2870 | D:4      | HP: 2/42 [orc priest/nerve-wracking pain (8)]
  3021 | D:3      | HP: 1/42 [orc priest/divine providence (11)]
  3022 | D:3      | Slain by an orc priest

Levels and vault maps discovered:
D:1:      ncdulo_wetmaze, layout_basic
D:2:      layout_rooms, lemuel_round_altar, makhleb_heckhound_becter,
          first_ration, nicolae_qazlal_eye_of_the_storm, uniq_terence,
          uniq_jessica
D:3:      layout_loops_ring, overflow_temple_1_default
D:4:      layout_rooms, minmay_temple_entry_from_below_b, minmay_between,
          uniq_eustachio

Skill      XL: |  1  2  3  4  5  6 |
---------------+-------------------+-----
Stealth        | 6 7 |  7.2
Fighting       | 2 3 |  3.1
Short Blades   | 3 4 5 |  5.0
Dodging        | 2 3 |  3.2
Throwing       | |  1.5

Action                   |  1- 3 |  4- 6 || total
-------------------------+-------+-------++-------
Melee: Dagger            |    86 |   194 ||   280
       Bite              |     7 |    20 ||    27
Throw: Dart              |       |     3 ||     3
Invok: Lunge             |       |    22 ||    22
 Abil: Exsanguinate      |       |     1 ||     1
       Revivify          |       |     1 ||     1
  Use: Potion            |       |     1 ||     1
 Stab: Sleeping          |    12 |    20 ||    32
       Distracted        |       |     1 ||     1
Armor: Robe              |    12 |    22 ||    34
Dodge: Dodged            |    33 |    98 ||   131

Levels and vault maps discovered:
D:1:      ncdulo_wetmaze, layout_basic
D:2:      layout_rooms, lemuel_round_altar, makhleb_heckhound_becter,
          first_ration, nicolae_qazlal_eye_of_the_storm, uniq_terence,
          uniq_jessica
D:3:      layout_loops_ring, overflow_temple_1_default
D:4:      layout_rooms, minmay_temple_entry_from_below_b, minmay_between,
          uniq_eustachio
